 Dungeon Crawl Stone Soup version 0.32-a0-17-gb74e046682 (webtiles) character file.

Game seed: 17620797198986461157

309 gelatine the Shooter (level 6, -11/46 HPs)
             Began as a Demonspawn Hunter on Jan 16, 2024.
             Killed by divine providence
             ... invoked by an orc priest
              (14 damage)
             ... on level 4 of the Dungeon.
             The game lasted 00:06:22 (2861 turns).

gelatine the Shooter (Demonspawn Hunter)            Turns: 2861, Time: 00:06:25

Health: -11/46     AC:  5    Str: 20    XL:     6   Next: 17%
Magic:  6/6        EV: 12    Int:  9    God:
Gold:   154        SH:  0    Dex: 19    Spells: 4/6 levels left

rFire   . . .        a - +0 shortbow
rCold   + . .        (shield currently unavailable)
rNeg    . . .        c - +0 leather armour
rPois   .            (no helmet)
rElec   .            (no cloak)
rCorr   .            (no gloves)
SInv    .            i - +1 pair of boots "Qimaozu" {rC+ Str+3 Slay+3}
Will    .....        (no amulet)
Stlth   ++           q - +6 ring of strength
HPRegen 0.27/turn    (no ring)
MPRegen 0.10/turn

%: no passive effects
@: no status effects
A: hooves 1, demonic guardian 1
a: no special abilities


You were on level 4 of the Dungeon.
You visited 1 branch of the dungeon, and saw 4 of its levels.

You collected 154 gold pieces.

Inventory:

Hand Weapons
 a - a +0 shortbow (weapon)
Armour
 c - a +0 leather armour (worn)
 i - the +1 pair of boots "Qimaozu" (worn) {rC+ Str+3 Slay+3}
   (You found it on level 4 of the Dungeon)

   Str+3:     It affects your strength (+3).
   Slay+3:    It affects your accuracy & damage with ranged weapons and melee
   (+3).
   rC+:       It protects you from cold.
Jewellery
 e - a ring of ice
 f - an amulet of faith
 n - a ring of fire
 q - a +6 ring of strength (left hand)
Wands
 b - a wand of flame (20)
 k - a wand of polymorph (8)
Scrolls
 d - a scroll of fog {unknown}
 g - 2 scrolls of noise {unknown}
 h - a scroll of poison {unknown}
 j - a scroll of teleportation {unknown}
 m - a scroll of identify {unknown}
 o - a scroll of vulnerability {unknown}
Potions
 l - a potion of heal wounds
 p - 2 potions of curing {unknown}


   Skills:
 * Level 2.7 Fighting
 * Level 5.3 Ranged Weapons
 * Level 1.7 Armour
 * Level 2.4 Dodging
 * Level 1.6 Stealth
 * Level 0.6 Spellcasting
 * Level 0.5 Translocations
 * Level 1.2 Evocations


You had 4 spell levels left.
You knew the following spells:

 Your Spells              Type           Power      Damage    Failure   Level
a - Blink                 Tloc           2%         N/A       47%         2

Your spell library contained the following spells:

 Spells                   Type           Power      Damage    Failure   Level
 Magic Dart               Conj           0%         1d3       41%         1
 Lesser Beckoning         Tloc           2%         N/A       47%         2
 Call Imp                 Summ           0%         N/A       56%         2
 Gell's Gravitas          Tloc           1%         N/A       71%         3
 Teleport Other           Tloc           1%         N/A       71%         3


Dungeon Overview and Level Annotations

Branches:
Dungeon (4/15)
 Temple: D:4-7

Altars:
Dithmenos
Makhleb
Uskayaw


Innate Abilities, Weirdness & Mutations

You have large cloven feet.
A weak demonic guardian rushes to your aid.


Message History

Fire: a) +0 shortbow
Press: ? - help, Q - select action, (/) - cycle Shift-Dir - straight line, f/p - orc
Aim: an orc, wielding a +2 trident of flaming and wearing a +0 scale mail (black smoke, severely wounded, 70% to hit)
You shoot an arrow. The arrow hits the orc.
You kill the orc!
The orc throws a boomerang.
The boomerang hits you.
* * * LOW HITPOINT WARNING * * *
Fire: a) +0 shortbow
Press: ? - help, Q - select action, (/) - cycle Shift-Dir - straight line, f - orc
Aim: an orc, wielding a +0 falchion and quivering boomerangs (black smoke, 67% to hit)
You shoot an arrow. The arrow hits the orc.
The orc is heavily wounded.
An orc comes into view. It is wielding a +0 trident.
The orc barely misses you.
An orc priest comes into view. It is wielding a +0 whip.
Fire: a) +0 shortbow
Press: ? - help, Q - select action, (/) - cycle Shift-Dir - straight line, f/p - orc
Aim: an orc, wielding a +0 falchion and quivering boomerangs (black smoke, heavily wounded, 67% to hit)
You shoot an arrow. The arrow hits the orc.
The orc is severely wounded.
The orc barely misses you. The orc hits you with a +0 falchion.
* * * LOW HITPOINT WARNING * * *
A demonic guardian appears!
The orc attacks as it pursues you! The orc barely misses you.
You swap places.
Your ufetubus misses the orc.
Your ufetubus barely misses the orc.
The orc closely misses you.
The orc hits your ufetubus with a +0 falchion.
Your ufetubus barely misses the orc.
Your ufetubus hits the orc.
The orc dies!
Fire: a) +0 shortbow
Press: ? - help, Q - select action, (/) - cycle Shift-Dir - straight line, f - orc
Aim: an orc, wielding a +0 trident and wearing a +0 leather armour (black smoke, ally target, 67% to hit)
You shoot an arrow. The arrow hits the orc.
The orc is heavily wounded.
The orc hits you from afar with a +0 trident.
* * * LOW HITPOINT WARNING * * *
A demonic guardian appears!
The orc priest mumbles some strange prayers to Beogh against you.
Beogh smites you!
You die...

#.# ##§§....§# ....
#.##..#...§§.§§§#....
#.#...)....[....§....
#.#........_........
#.#.#........§§...
#.#.# #......o))#
#.#.# #.§..(o.#
#.#.### #.5..5#
#.#...####.@.##
###.#.#........#
#...#.##########
##.##.# #.##.# #.##.#
#.##.# #.##.# #.##.#


You could see an orc priest, an orc (ally target), a friendly shadow imp
(summoned) and a friendly ufetubus (summoned).

Vanquished Creatures
  A black bear (D:4)
  A sleepcap (D:3)
  Jessica (D:2)
  Robin (D:4)
  An adder (D:2)
  4 dart slugs
  A ribbon worm (D:2)
  An orc (D:4)
  2 ball pythons
  6 bats
  An endoplasm (D:3)
  4 giant cockroaches
  17 goblins
  3 hobgoblins
  4 jackals (D:2)
  6 kobolds
  4 quokkas
  4 frilled lizards
  3 rats
65 creatures vanquished.

Vanquished Creatures (collateral kills)
  2 hounds (D:3)
  An orc (D:4)
  An endoplasm (D:3)
  A goblin (D:4)
  A hobgoblin (D:4)
  A bat (D:3)
7 creatures vanquished.

Grand Total: 72 creatures vanquished

Notes
Turn   | Place    | Note
-------+----------+-------------------------------------------
     0 | D:1      | gelatine the Demonspawn Hunter began the quest for the Orb.
     0 | D:1      | Reached XP level 1. HP: 16/16 MP: 1/1
   235 | D:1      | Reached skill level 4 in Ranged Weapons
   237 | D:1      | Gained mutation: You have large cloven feet. [demonic
                  | ancestry]
   237 | D:1      | Reached XP level 2. HP: 22/22 MP: 2/2
   238 | D:1      | Found a faded altar of an unknown god.
   824 | D:2      | Reached XP level 3. HP: 27/27 MP: 3/3
   862 | D:2      | Noticed Terence
  1115 | D:2      | Terence changed into Terence the giant cockroach
  1115 | D:2      | Noticed Terence
  1116 | D:2      | Killed Terence the giant cockroach
  1487 | D:2      | Noticed Jessica
  1491 | D:2      | Killed Jessica
  1492 | D:2      | Reached skill level 1 in Armour
  1492 | D:2      | Reached skill level 1 in Stealth
  1492 | D:2      | Gained mutation: A weak demonic guardian rushes to your
                  | aid. [demonic ancestry]
  1492 | D:2      | Reached XP level 4. HP: 33/33 MP: 4/4
  1587 | D:3      | Noticed a +0 hand axe
  1588 | D:3      | Noticed a +0 dagger
  1621 | D:3      | Found a hide-covered altar of Uskayaw.
  1827 | D:3      | Reached XP level 5. HP: 39/39 MP: 5/5
  2102 | D:3      | Reached skill level 5 in Ranged Weapons
  2105 | D:3      | Learned a level 2 spell: Blink
  2175 | D:3      | Found a burning altar of Makhleb.
  2525 | D:3      | Reached skill level 1 in Evocations
  2659 | D:4      | Identified the +1 pair of boots "Qimaozu" {rC+ Str+3
                  | Slay+3}
  2811 | D:4      | Found a shadowy altar of Dithmenos.
  2815 | D:4      | Noticed Robin
  2817 | D:4      | Noticed a black bear
  2820 | D:4      | Killed Robin
  2828 | D:4      | Killed a black bear
  2829 | D:4      | Reached XP level 6. HP: 6/46 MP: 6/6
  2861 | D:4      | Killed from afar by an orc priest

Illustrated notes

Levels and vault maps discovered:
D:1:      minmay_arrival_solitary_statue, layout_basic,
          hellmonk_ecumenical_altar_prayer_group
D:2:      layout_loops_cross, minmay_misc_feat_tower, uniq_jessica, uniq_terence
D:3:      layout_basic, dancing_weapons_uskayaw,
          mainiacjoe_overflow_tiny_flanked, minmay_starry_boxes
D:4:      layout_basic, nicolae_dithmenos_the_darkroom, uniq_robin

Skill      XL: |  1  2  3  4  5 |
---------------+----------------+-----
Ranged Weapons | 4 5 |  5.3
Dodging        | 2 |  2.4
Armour         | 1 |  1.7
Stealth        | 1 |  1.6
Evocations     | 1 |  1.2
Fighting       | |  2.7
Spellcasting   | |  0.6
Translocations | |  0.5

Action                     |  1- 3 |  4- 6 || total
---------------------------+-------+-------++-------
   Fire: Shortbow          |    97 |   104 ||   201
  Evoke: Wand              |     1 |     1 ||     2
    Use: Scroll            |     1 |       ||     1
         Potion            |       |     5 ||     5
 Armour: Leather armour    |    20 |    65 ||    85
  Dodge: Dodged            |    28 |    57 ||    85

Table legend: (Time is in decaauts)
 A = Elapsed time spent in this place.
 B = Non-inter-level travel time spent in this place.
 C = Inter-level travel time spent in this place.
 D = Time resting spent in this place.
 E = Time spent auto-exploring this place.
 F = Levels seen in this place.
 G = Mean time per level.
                   A        B        C        D        E       F      G
               +--------+--------+--------+--------+--------+-----+--------+
         Total |   2904 |   2773 |    131 |      0 |   2316 |   4 |  726.0 |
       Dungeon |   2904 |   2773 |    131 |      0 |   2316 |   4 |  726.0 |
               +--------+--------+--------+--------+--------+-----+--------+

Top non-repeatable levels by time:
     D:3: 1021 daAuts
     D:2: 817 daAuts
     D:1: 791 daAuts
     D:4: 273 daAuts
